 Dungeon Crawl Stone Soup version 0.29.0-7-g18a832c13a (webtiles) character file.

Game seed: 12803368030433655609

289 sanka the Ruffian (level 6, -3/61 HPs)
             Began as a Troll Cinder Acolyte on Aug 30, 2022.
             Was a High Priest of Ignis.
             Slain by a gnoll
             ... wielding a +0 halberd
              (13 damage)
             ... on level 3 of the Dungeon.
             The game lasted 00:03:16 (2063 turns).

sanka the Ruffian (Troll Cinder Acolyte)            Turns: 2063, Time: 00:03:17

Health: -3/61      AC:  4    Str: 23    XL:     6   Next: 9%
Magic:  15/15      EV:  9    Int: 10    God:    Ignis [*****.]
Gold:   80         SH:  0    Dex:  7    Spells: 7/7 levels left

rFire   + . .      SeeInvis .     - Unarmed
rCold   . . .      Faith    .   (no shield)
rNeg    . . .      Spirit   .   a - +0 robe
rPois   .          Reflect  .   (helmet restricted)
rElec   .          Harm     .   (no cloak)
rCorr   .          Rampage  .   (gloves unavailable)
Will    .....                   (boots unavailable)
Stlth   +.........              (no amulet)
HPRegen 1.00/turn               (no ring)
MPRegen 0.14/turn               f - ring of magical power

@: no status effects
A: large, unfitting armour, claws 3, regeneration 1, shaggy fur 1, tough skin 1
a: Renounce Religion, Fiery Armour, Foxfire Swarm, Rising Flame


You were on level 3 of the Dungeon.
You worshipped Ignis.
Ignis was extremely pleased with you.
You visited 1 branch of the dungeon, and saw 3 of its levels.

You collected 152 gold pieces.
You spent 72 gold pieces at shops.


Innate Abilities, Weirdness & Mutations

You are too large for most types of armour.
You have claws for hands.
Your natural rate of healing is unusually fast.
You are covered in fur. (AC +1)
You have tough skin. (AC +1)


   Skills:
 + Level 3.5 Fighting
 + Level 1.6 Stealth
 * Level 5.2 Unarmed Combat
 - Level 1.0 Spellcasting
 - Level 2.1 Fire Magic


You had 7 spell levels left.
You didn't know any spells.
Your spell library contained the following spells:

 Spells                   Type           Power      Damage    Failure   Level
 Scorch                   Fire           8%         2d5       22%         2
 Slow                     Hex            0%         N/A       34%         1
 Sublimation of Blood     Necr           0%         N/A       45%         2
 Wereblood                Tmut           0%         N/A       45%         2
 Confusing Touch          Hex            0%         N/A       71%         3
 Gell's Gravitas          Tloc           0%         N/A       71%         3
 Lesser Beckoning         Tloc           0%         N/A       71%         3
 Teleport Other           Tloc           0%         N/A       71%         3
 Vampiric Draining        Necr           0%         2d6       71%         3
 Animate Armour           Summ/Erth      0%         N/A       98%         4
 Ice Form                 Ice/Tmut       0%         N/A       98%         4
 Lee's Rapid Deconstruct  Erth           0%         3d5*      100%        5
 Ozocubu's Refrigeration  Ice            0%         4d7       100%        7
 Summon Hydra             Summ           0%         N/A       100%        7

Inventory:

Armour
 a - a +0 robe (worn)
 t - a +0 cloak
Magical Staves
 i - a staff of earth
 o - a staff of fire
Jewellery
 f - a ring of magical power (right claw)
 m - a ring of ice
Scrolls
 b - a scroll of noise {unknown}
 c - 2 scrolls of amnesia {unknown}
 d - 4 scrolls of magic mapping {unknown}
 e - a scroll of vulnerability {unknown}
 g - 2 scrolls of teleportation {unknown}
 h - a scroll of poison {unknown}
 k - 2 scrolls of fear
 l - a scroll of immolation {unknown}
 p - 4 scrolls of identify {@r1}
Potions
 j - 2 potions of attraction {unknown}
 n - 2 potions of cancellation {unknown}
 q - a potion of mutation {unknown}
 r - a potion of curing {unknown}
 s - a potion of brilliance {unknown}

Dungeon Overview and Level Annotations

Branches:
Dungeon (3/15)

Altars:
Nemelex Xobeh

Shops:
D:3

? ..▒...............▒
▒.▒▒▒▒▒▒▒▒
▒.▒▒▒▒▒▒▒▒▒▒▒▒▒▒▒.▒▒▒▒........▒
▒.▒ ▒...▒.........▒ ▒.▒
▒▒▒▒▒▒▒▒.▒.........▒ ▒.▒
......▒.▒.........▒ ▒.▒
....▒.▒.▒▒▒▒▒▒▒▒▒ ▒.▒ ▒+▒▒
▒..▒.▒.▒ ▒.▒
▒▒..▒▒▒▒▒▒g▒.▒.▒▒▒▒▒▒▒
▒.▒▒▒▒▒▒8..▒.[▒.T.▒.▒.......▒
..'....†..▒▒..▒...▒.........▒
▒▒▒.......▒▒..▒..▒▒▒▒.(.....▒
..▒▒▒▒▒▒8..▒..'..▒▒ ▒>).....▒
▒.▒ ▒▒▒▒..▒▒▒▒...▒ ▒▒......▒
▒.▒ ▒..▒'▒▒..▒...▒ ▒......▒
▒.▒▒▒▒....†...▒†)▒▒ ▒......▒
.<...▒........▒..▒ ▒......▒
▒▒▒▒.▒..▒▒▒▒..'..▒ ▒▒▒▒'▒▒▒▒▒▒


You could see a gnoll.


Message History

You have reached level 6!
You feel stronger.
You barely miss the gnoll. The gnoll hits you with a +0 halberd!
You scratch the gnoll but do no damage. The gnoll hits you with a +0 halberd!
You claw the gnoll!
The gnoll is heavily wounded.
You barely miss the gnoll.
The gnoll is heavily wounded.
The gnoll hits you with a +0 halberd!
* * * LOW HITPOINT WARNING * * *
You scratch the gnoll but do no damage.
The gnoll is heavily wounded.
The gnoll barely misses you.
You closely miss the gnoll.
The gnoll is heavily wounded.
The gnoll closely misses you.
You barely miss the gnoll.
The gnoll is heavily wounded.
The gnoll hits you with a +0 halberd!
* * * LOW HITPOINT WARNING * * *
You barely miss the gnoll.
The gnoll is heavily wounded.
The gnoll hits you with a +0 halberd!
* * * LOW HITPOINT WARNING * * *
You completely miss the gnoll.
The gnoll is heavily wounded.
The gnoll hits you with a +0 halberd!
You die...

Action                   |  1- 3 |  4- 6 || total
-------------------------+-------+-------++-------
Melee: Unarmed           |    88 |   160 ||   248
       Punch             |       |     3 ||     3
 Stab: Sleeping          |       |     2 ||     2
Armor: Robe              |    30 |    57 ||    87
Dodge: Dodged            |    32 |    72 ||   104

Levels and vault maps discovered:
D:1:      denvon_arrival_waterhouse, layout_rooms, minmay_misc_feat_square
D:2:      layout_loops_ring, basic_altar, minmay_misc_feat_hallway, uniq_terence
D:3:      minmay_chambers_of_twos, layout_basic, serial_shops, shop

Notes
Turn   | Place    | Note
-------+----------+-------------------------------------------
     0 | D:1      | sanka the Troll Cinder Acolyte began the quest for the Orb.
     0 | D:1      | Reached XP level 1. HP: 22/22 MP: 1/1
    35 | D:1      | Reached XP level 2. HP: 23/29 MP: 2/2
   143 | D:1      | Reached XP level 3. HP: 36/36 MP: 3/3
   691 | D:3      | Reached skill level 4 in Unarmed Combat
   702 | D:3      | Reached XP level 4. HP: 44/44 MP: 4/4
   753 | D:3      | Reached skill level 3 in Fighting
   753 | D:3      | Reached skill level 1 in Stealth
   765 | D:2      | HP: 4/45 [something (4)]
   903 | D:3      | Reached XP level 5. HP: 51/53 MP: 5/5
   937 | D:3      | Found Josetiam's Magic Scroll Emporium.
   947 | D:3      | Bought a scroll of identify for 24 gold pieces
   947 | D:3      | Bought a scroll of fear for 48 gold pieces
   996 | D:2      | Got the Guide on Frosty Earth
  1038 | D:2      | Found a sparkling altar of Nemelex Xobeh.
  1710 | D:2      | Noticed Terence
  1718 | D:2      | Killed Terence
  1921 | D:3      | Reached skill level 5 in Unarmed Combat
  2052 | D:3      | Reached XP level 6. HP: 46/61 MP: 6/6
  2063 | D:3      | Slain by a gnoll

Vanquished Creatures
  A bullfrog (D:3)
  2 orc wizards
  Terence (D:2)
  2 gnolls (D:1)
  6 adders
  3 orcs (D:3)
  2 bats
  7 endoplasms
  5 giant cockroaches
  5 goblins
  4 hobgoblins
  7 jackals
  8 quokkas
  7 ball pythons
  5 frilled lizards
  8 kobolds
  6 rats
79 creatures vanquished.
